 Dungeon Crawl Stone Soup version 0.26.1-11-gd32895ea62 (webtiles) character file.

Game seed: 5731341649241773098

4677 Tirrikindir the Cleaver (level 10, -1/86 HPs)
             Began as a Hill Orc Fighter on June 17, 2021.
             Was a Priest of the Shining One.
             Slain by a killer bee (3 damage)
             ... on level 10 of the Dungeon.
             The game lasted 00:15:57 (7716 turns).

Tirrikindir the Cleaver (Hill Orc Fighter)          Turns: 7716, Time: 00:15:57

Health: -1/86      AC: 13    Str: 21    XL:     10   Next: 44%
Magic:  21/24      EV: 10    Int: 10    God:    the Shining One [***...]
Gold:   490        SH:  8    Dex: 10    Spells: 9/9 levels left

rFire    . . .     SeeInvis .   d - +6 dire flail (venom)
rCold    . . .     Faith    .   (shield currently unavailable)
rNeg     + . .     Spirit   .   C - +0 chain mail
rPois    .         Reflect  .   f - +2 helmet
rElec    .         Harm     .   (no cloak)
rCorr    .         Rampage  .   E - +0 pair of gloves
Will     .....                  i - +0 pair of boots
Stlth    ..........             (no amulet)
HPRegen  0.24/turn              D - ring of magical power
MPRegen  0.19/turn              (no ring)

@: lethally poisoned (-1 -> -1), divine shield, glowing
A: claws 1, deformed body, evolution 1
a: Renounce Religion, Divine Shield


You were on level 10 of the Dungeon.
You worshipped the Shining One.
The Shining One was most pleased with you.
You visited 2 branches of the dungeon, and saw 11 of its levels.
You also visited: Sewer.

You collected 490 gold pieces.

Inventory:

Hand Weapons
 a - a +2 war axe
 d - a +6 dire flail of venom (weapon)
 s - a +0 club
Missiles
 w - 5 boomerangs (quivered)
Armour
 c - a +0 kite shield
 f - a +2 helmet (worn)
 i - a +0 pair of boots (worn)
 y - a +0 ring mail of fire resistance
 C - a +0 chain mail (worn)
 E - a +0 pair of gloves (worn)
Jewellery
 D - a ring of magical power (left hand)
Wands
 A - a wand of digging (8)
 B - a wand of iceblast (6)
 F - a wand of paralysis (5)
 G - a wand of disintegration (32)
Scrolls
 j - 5 scrolls of teleportation
 m - 2 scrolls of amnesia
 p - 6 scrolls of remove curse
 q - a scroll of fear {unknown}
 u - a scroll of enchant weapon
 v - a scroll of fog {unknown}
 H - a scroll of immolation {unknown}
Potions
 b - a potion of magic
 e - 3 potions of berserk rage
 h - 2 potions of curing {unknown}
 l - 2 potions of haste {unknown}
 n - 3 potions of degeneration {unknown}
 o - 2 potions of attraction {unknown}
 r - 2 potions of resistance {unknown}
 t - 2 potions of flight {unknown}
 x - 3 potions of invisibility {unknown}
 z - 2 potions of might
Miscellaneous
 I - a lightning rod (4/4)


   Skills:
 + Level 7.0 Fighting
 * Level 10.8 Axes
 * Level 8.0 Armour
 * Level 5.6 Dodging
 - Level 3.2 Shields
 + Level 7.2 Invocations
 - Level 3.0 Evocations


You had 9 spell levels left.
You didn't know any spells.
Your spell library contained the following spells:

 Spells                   Type           Power        Failure   Level
 Magic Dart               Conj           0%           95%         1
 Searing Ray              Conj           0%           99%         2
 Confusing Touch          Hex            0%           100%        3
 Dazzling Flash           Conj/Hex       0%           100%        3
 Gell's Gravitas          Tloc           0%           100%        3
 Fulminant Prism          Conj/Hex       0%           100%        4
 Iskenderun's Mystic Bla  Conj/Tloc      0%           100%        4
 Petrify                  Tmut/Erth      0%           100%        4
 Metabolic Englaciation   Hex/Ice        0%           100%        5
 Yara's Violent Unravell  Hex/Tmut       0%           100%        5


Dungeon Overview and Level Annotations

Branches:
Dungeon (11/15)            Temple (1/1) D:4             Orc (0/2) D:10
  Sewer (visited)
   Lair: D:8-11

Altars:
Ashenzari
Cheibriados
Dithmenos
Elyvilon
Fedhas
Gozag
Kikubaaqudgha
Makhleb
Nemelex Xobeh
Okawaru
Qazlal
Ru
Sif Muna
Trog
Uskayaw
Vehumet
Wu Jian
Xom
Yredelemnul
The Shining One

Shops:
D:11 }


Innate Abilities, Weirdness & Mutations

You have sharp fingernails.
Armour fits poorly on your strangely shaped body.
You evolve.


Message History

* * * LOW HITPOINT WARNING * * *
You feel much better.
You feel sick.
You puncture the two-headed ogre!
The two-headed ogre looks as sick as possible!
The two-headed ogre is almost dead.
The two-headed ogre hits you with a +0 giant club!
* * * LOW HITPOINT WARNING * * *
The two-headed ogre hits you with a +0 giant spiked club!
* * * LOW HITPOINT WARNING * * *
Okay, then.
Blink to where?
Press: ? - help, Dir - move target
As you read the scroll of blinking, it crumbles to dust.
Okay, then.
You feel sick.
You feel a bit more experienced.
Your Fighting skill increases to level 7!
Your Armour skill increases to level 8!
Okay, then.
A divine shield forms around you!
You feel sick. The killer bee stings you.
You die...

........####.#.....####
...........#..#s#...#..##
>......#.. ...).##......# ....
#.......###............#
......##.......#..............#
#.....## #.......y..###....#.##
# #......# #.....y.....#..#####
###.....# #...y.........#
........######..@..........#
..#........##...###........#
.##..............#...#....##
..........#........#.###..#
..........#...######## ####
..........##..# ....##...######
......#.## .....##.#


You could see a scorpion and 3 killer bees.

Vanquished Creatures
  A two-headed ogre (D:10)
  Pikel (D:7)
  A centaur skeleton (D:10)
  3 yaks (D:11)
  Menkaure (D:4)
  Edmund (D:4)
  An orc warrior (D:7)
  Purgy (Sewer)
  2 ice beasts
  2 phantoms
  4 ogres
  2 centaurs (D:5)
  3 bullfrogs
  A wyvern zombie (D:7)
  A gnoll sergeant (D:5)
  A scorpion (D:7)
  3 killer bees (D:10)
  4 wights (D:10)
  A jelly (D:11)
  An orc priest (D:7)
  2 bullfrog skeletons
  2 bullfrog zombies
  2 hounds
  Jessica (D:2)
  2 iguanas
  6 orc wizards
  4 worker ants
  2 killer bee zombies (D:8)
  2 hound zombies (D:6)
  A howler monkey zombie (D:6)
  2 worker ant zombies
  A howler monkey skeleton (D:4)
  12 adders
  5 gnolls (D:5)
  4 white imps
  2 ufetubi (D:5)
  An adder skeleton (D:6)
  An adder zombie (D:3)
  4 worms
  4 dart slugs
  5 leopard geckos
  19 orcs
  A ball python (D:6)
  10 bats
  12 giant cockroaches
  10 hobgoblins
  7 kobolds
  A quokka (D:8)
  A ball python skeleton (D:5)
  6 frilled lizards
  7 goblins
  A leopard gecko zombie (D:6)
  9 rats
184 creatures vanquished.

Notes
Turn   | Place    | Note
-------+----------+-------------------------------------------
     0 | D:1      | Tirrikindir the Hill Orc Fighter began the quest for the
                  | Orb.
     0 | D:1      | Reached XP level 1. HP: 19/19 MP: 1/1
   223 | D:1      | Reached skill level 3 in Axes
   236 | D:1      | Reached XP level 2. HP: 19/27 MP: 2/2
   614 | D:1      | Reached XP level 3. HP: 33/33 MP: 3/3
  1406 | D:2      | Found an ancient bone altar of Kikubaaqudgha.
  1486 | D:2      | Noticed Jessica
  1504 | D:2      | Killed Jessica
  1505 | D:2      | Reached skill level 4 in Axes
  1505 | D:2      | Reached skill level 1 in Dodging
  1505 | D:2      | Reached XP level 4. HP: 33/40 MP: 4/4
  2120 | D:2      | Found a burning altar of Makhleb.
  2205 | D:2      | Found a shimmering blue altar of Sif Muna.
  2346 | D:3      | Reached XP level 5. HP: 44/47 MP: 5/5
  2537 | D:3      | Reached skill level 5 in Axes
  3096 | D:4      | Found a glowing golden altar of the Shining One.
  3104 | D:4      | Became a worshipper of the Shining One
  3171 | D:4      | Reached XP level 6. HP: 44/53 MP: 6/6
  3343 | D:4      | Noticed Menkaure
  3349 | D:4      | Killed Menkaure
  3350 | D:4      | Reached skill level 1 in Invocations
  3421 | D:4      | Noticed an ice beast
  3428 | D:4      | Killed an ice beast
  3429 | D:4      | Reached skill level 5 in Fighting
  3429 | D:4      | Reached skill level 6 in Axes
  3429 | D:4      | Reached XP level 7. HP: 61/61 MP: 8/8
  3438 | D:4      | Found a staircase to the Ecumenical Temple.
  3446 | D:4      | Noticed Edmund
  3452 | D:4      | Killed Edmund
  3470 | Temple   | Entered the Ecumenical Temple
  3701 | D:4      | Reached skill level 5 in Armour
  3725 | D:4      | Found a snail-covered altar of Cheibriados.
  3726 | D:4      | Noticed a torpor snail
  3726 | D:4      | Noticed a torpor snail
  3727 | D:4      | Noticed a torpor snail
  3738 | D:4      | Reached skill level 7 in Axes
  4084 | D:5      | Entered Level 5 of the Dungeon
  4106 | D:5      | Reached * piety under the Shining One
  4180 | D:5      | Reached XP level 8. HP: 20/68 MP: 10/10
  4495 | D:5      | Reached skill level 8 in Axes
  4598 | D:5      | Reached skill level 5 in Invocations
  4962 | D:5      | Found a sparkling altar of Nemelex Xobeh.
  5007 | D:6      | Found a glowing drain.
  5033 | Sewer    | Entered a sewer
  5044 | Sewer    | Noticed Purgy
  5047 | Sewer    | Killed Purgy
  5570 | D:6      | Reached ** piety under the Shining One
  5675 | D:6      | Found a white marble altar of Elyvilon.
  5757 | D:6      | Found an ornate altar of the Wu Jian Council.
  5764 | D:6      | Noticed a spectral centipede
  5764 | D:6      | Noticed a spectral black mamba
  6052 | D:7      | Reached XP level 9. HP: 74/74 MP: 13/13
  6057 | D:7      | Reached skill level 9 in Axes
  6116 | D:7      | Noticed Pikel
  6123 | D:7      | Killed Pikel
  6124 | D:7      | Reached skill level 1 in Evocations
  6289 | D:7      | Found an opulent altar of Gozag.
  7038 | D:8      | Gained mutation: Armour fits poorly on your strangely
                  | shaped body. [potion of mutation]
  7038 | D:8      | Gained mutation: You evolve. [potion of mutation]
  7038 | D:8      | Gained mutation: You have sharp fingernails. [potion of
                  | mutation]
  7224 | D:8      | You fall into a shaft and drop 3 floors!
  7326 | D:11     | Reached skill level 10 in Axes
  7335 | D:11     | Reached skill level 5 in Dodging
  7335 | D:11     | Reached XP level 10. HP: 39/84 MP: 15/15
  7546 | D:11     | Found Riwkoirr's Gadget Emporium.
  7600 | D:10     | Entered Level 10 of the Dungeon
  7620 | D:10     | Reached *** piety under the Shining One
  7662 | D:10     | Found a staircase to the Orcish Mines.
  7692 | D:10     | Noticed a two-headed ogre
  7710 | D:10     | HP: 3/84 [two-headed ogre/+0 giant club (10)]
  7712 | D:10     | Killed a two-headed ogre
  7716 | D:10     | HP: 2/86 [poisoned by a killer bee]
  7716 | D:10     | Slain by a killer bee

Illustrated notes

Levels and vault maps discovered:
D:1:      minmay_arrival_four_houses, layout_basic
D:2:      layout_basic, marbit_many_paths, kiku_gazebo_pond_becter,
          led_sif_pool, uniq_jessica
D:3:      layout_basic
D:4:      layout_basic, lemuel_coloured_pillars_altar,
          minmay_temple_entry_arrows, cheibriados_altar_2, uniq_edmund,
          uniq_menkaure
D:5:      minmay_general_purpose_star, layout_basic, nemelex_altar_shiori
D:6:      layout_cave_pods, elyvilon_altar_3, pdpol_wu_jian_five_deadly_venoms,
          cheibrodos_sewer_entry_drain
D:7:      layout_loops_ring, general_overflow_altar, uniq_pikel
D:8:      layout_rooms, the_bakery
D:10:     minmay_the_grid_triangle_9x9_recursive_2_mashed
          [minmay_the_grid_triangle_9x9_prize_insulated,
          minmay_the_grid_triangle_9x9_impossible_snake,
          minmay_the_grid_triangle_9x9_negative_grid,
          minmay_the_grid_triangle_9x9_minimal], layout_cave_pools,
          lair_entry_dummy, kennysheep_generic_room_7
D:11:     layout_grid_maze, serial_shops, shop, minivault_1
Temple:   nicolae_temple_no_exploring_needed

Skill      XL: |  1  2  3  4  5  6  7  8  9 10 |
---------------+-------------------------------+-----
Axes           | 3 4 5 6 7 8 10 | 10.8
Fighting       | 4 5 6 7 |  7.0
Dodging        | 1 2 3 5 |  5.6
Armour         | 4 5 6 7 8 |  8.0
Invocations    | 1 3 5 6 7 |  7.2
Evocations     | 2 3 |  3.0
Shields        | |  3.2

Action                   |  1- 3 |  4- 6 |  7- 9 | 10-12 || total
-------------------------+-------+-------+-------+-------++-------
Melee: War axe           |    99 |   123 |     6 |       ||   228
       Dire flail        |       |       |   215 |    42 ||   257
Throw: Boomerang         |       |       |     3 |       ||     3
Invok: Divine Shield     |       |       |       |     1 ||     1
  Use: Scroll            |     6 |     2 |     6 |     1 ||    15
       Potion            |     1 |     1 |     1 |     1 ||     4
Armor: Scale mail        |    50 |    49 |    90 |       ||   189
       Chain mail        |       |       |    37 |    26 ||    63
Dodge: Dodged            |    21 |    44 |   122 |    17 ||   204
Block: Kite shield       |    49 |    60 |     1 |       ||   110
